 Dungeon Crawl Stone Soup version 0.24.0-123-gd5b16e6ec5 (webtiles) character file.

Game seed: 9622049361998586902, levelgen mode: deterministic

91 Ponchio the Sneak (level 4, 0/21 HPs)
             Began as a Spriggan Earth Elementalist on Dec 19, 2019.
             Slain by Sigmund
             ... wielding a +0 scythe
              (13 damage)
             ... on level 2 of the Dungeon.
             The game lasted 00:06:15 (1384 turns).

Ponchio the Sneak (Spriggan Earth Elementalist)     Turns: 1384, Time: 00:06:16

Health: 0/21       AC:  3    Str:  4    XL:     4   Next: 33%
Magic:  7/9        EV: 18    Int: 17    God:
Gold:   69         SH:  0    Dex: 16    Spells: 7/8 levels left

rFire    . . .     SeeInvis +   g - +0 short sword
rCold    . . .     Gourm    .   (shield restricted)
rNeg     . . .     Faith    .   c - +0 robe
rPois    .         Spirit   .   (helmet restricted)
rElec    .         Reflect  .   j - +0 cloak
rCorr    .         Harm     .   (gloves unavailable)
MR       .....                  (boots unavailable)
Stlth    ++++......             h - amulet of regeneration
HPRegen  0.47/turn              a - ring of wizardry
MPRegen  0.11/turn              e - ring of see invisible

@: very quick
A: very small, unfitting armour, see invisible, herbivore, speed 3, slow
metabolism 2
a: no special abilities


You were on level 2 of the Dungeon.
You were not hungry.

You visited 1 branch of the dungeon, and saw 2 of its levels.

You collected 69 gold pieces.

Inventory:

Hand Weapons
 g - a +0 short sword (weapon)
 k - a +2 hunting sling of freezing
Armour
 c - a +0 robe (worn)
 j - a +0 cloak (worn)
Jewellery
 a - a ring of wizardry (left hand)
 e - a ring of see invisible (right hand)
 h - an amulet of regeneration (around neck)
Scrolls
 l - a scroll of enchant weapon {unknown}
Potions
 f - a potion of brilliance
 i - a potion of agility {unknown}
 m - a potion of curing {unknown}
Comestibles
 d - 2 rations


   Skills:
 - Level 3.0 Dodging
 + Level 7.3 Stealth
 - Level 2.6 Spellcasting
   Level 1.3 Transmutations
 - Level 2.6 Earth Magic


You had 7 spell levels left.
You knew the following spells:

 Your Spells              Type           Power        Failure   Level  Hunger
a - Sandblast             Erth           ##....       2%          1    #......

Your spell library contained the following spells:

 Spells                   Type           Power        Failure   Level  Hunger
 Passwall                 Tmut/Erth      #.......     4%          2    ##.....
 Stone Arrow              Conj/Erth      #.....       12%         3    ###....
 Petrify                  Tmut/Erth      #.......     30%         4    #####..
 Lee's Rapid Deconstruct  Erth           ##........   52%         5    ######.


Dungeon Overview and Level Annotations

Branches:
Dungeon (2/15)

Altars:

Annotations:
D:2 Sigmund


Innate Abilities, Weirdness & Mutations

You are very small and have problems with some larger weapons.
You are too small for most types of armour.
You have supernaturally acute eyesight. (SInv)
You are a herbivore.
You cover ground extremely quickly.
You need to consume almost no food.


Message History

The blast of sand hits Sigmund.
Sigmund is lightly wounded.
b - a stone Sigmund casts a spell at you.
The magic dart hits you.
Casting: Sandblast (safe; 2% risk of failure)
Confirm with . or Enter, or press ? or * to list all spells.
Aiming: Sandblast (safe; 2% risk of failure)
Press: ? - help, Shift-Dir - straight line, f/p - Sigmund
Aim: Sigmund, wielding a +0 scythe and wearing a +0 robe (lightly wounded, fast, slightly transparent)
The blast of sand hits Sigmund but does no damage.
Sigmund is lightly wounded.
You now have no stones remaining.
Sigmund gestures at you while chanting. The magic dart hits you!
Sigmund casts a spell at you.
You easily resist.
Sigmund hits you from afar with a +0 scythe!
Ouch! That really hurt!
You die...

#.# #.# #.#
#####.#############.
####.................#.
.....###.####...####.#.##
..........##.###.# #. ..#
######.......# #.# #.##.#
##.†@.##.###.# #.....
#..†.####....####...#
#!@### ##..........† #..
#....###...# ....
##...###...# ###.. #.#
##.#......# ... #.#
##....#.#.#
#.#.##.#####..###..#.#
..#. .........# #....#


You could see Sigmund (invisible).

Vanquished Creatures
  3 adders (D:2)
  2 gnolls (D:1)
  An ooze (D:1)
  A worm (D:2)
  2 dart slugs (D:1)
  2 leopard geckos
  3 giant cockroaches
  3 goblins
  3 hobgoblins (D:1)
  2 bats (D:1)
  6 frilled lizards
  4 kobolds
  5 rats (D:1)
37 creatures vanquished.

Notes
Turn   | Place    | Note
-------+----------+-------------------------------------------
     0 | D:1      | Ponchio the Spriggan Earth Elementalist began the quest for
                  | the Orb.
     0 | D:1      | Reached XP level 1. HP: 9/9 MP: 5/5
   123 | D:1      | Reached skill level 4 in Stealth
   296 | D:1      | Reached XP level 2. HP: 13/13 MP: 3/6
   510 | D:1      | Reached skill level 5 in Stealth
   796 | D:1      | Reached XP level 3. HP: 14/16 MP: 8/8
   860 | D:1      | Reached skill level 6 in Stealth
  1161 | D:2      | Reached XP level 4. HP: 21/21 MP: 9/9
  1221 | D:2      | Reached skill level 7 in Stealth
  1271 | D:2      | Noticed Sigmund
  1384 | D:2      | Slain by Sigmund

Levels and vault maps discovered:
D:1:      dpeg_arrival_tiny_f, layout_basic, minmay_misc_feat_nine_boxes
D:2:      layout_loops_ring, uniq_natasha, uniq_sigmund

Skill      XL: |  1  2  3  4 |
---------------+-------------+-----
Stealth        | 4 5 6 7 |  7.3
Dodging        | |  3.0
Spellcasting   | |  2.6
Transmutations | |  1.3
Earth Magic    | |  2.6

Action                   |  1- 3 |  4- 6 || total
-------------------------+-------+-------++-------
Melee: Unarmed           |    24 |       ||    24
       Short sword       |    58 |    43 ||   101
 Cast: Sandblast         |    24 |     6 ||    30
  Use: Scroll            |     3 |       ||     3
 Stab: Sleeping          |     5 |     4 ||     9
Armor: Robe              |    15 |     3 ||    18
Dodge: Dodged            |    75 |    32 ||   107
